 Dungeon Crawl Stone Soup version 0.20-a0-941-gba1b1f9 (webtiles) character file.

117056 4thArraOfDagon the Fencer (level 16, -2/118 HPs)
             Began as a Mummy Fighter on Mar 30, 2017.
             Was an Initiate of Gozag.
             Slain by a tyrant leech (23 damage)
             ... on level 3 of the Swamp on Mar 31, 2017.
             The game lasted 01:29:24 (23429 turns).

4thArraOfDagon the Fencer (Mummy Fighter)          Turns: 23429, Time: 01:29:25

Health: -2/118     AC: 25    Str: 20    XL:     16   Next: 22%
Magic:  16/25      EV: 11    Int: 12    God:    Gozag
Gold:   813        SH:  0    Dex: 11    Spells: 20/27 levels left

rFire    . . .     SeeInvis +   Z - +9 great sword (flame)
rCold    + + .     Gourm    .   (shield currently unavailable)
rNeg     + + +     Faith    .   L - +1 chain mail of Courage {rF- rC+ Int-2 Slay+4}
rPois    ∞         Spirit   .   k - +2 helmet {SInv}
rElec    .         Reflect  .   t - +2 cloak {rC+}
rCorr    .         Harm     .   n - +0 pair of gloves
MR       ++...                  H - +2 pair of boots of the Assassin {Detection Stab+ Stlth++}
Stlth    ..........             K - amulet of regeneration
Regen    0.7/turn               S - ring of fire
MPRegen  0.2/turn               w - ring of protection from fire

@: gold aura, very slightly contaminated
A: no food or potions, fire vulnerability, cold resistance 1, negative energy
resistance 3, torment resistance, unbreathing, in touch with death 1
a: Potion Petition, Call Merchant, Bribe Branch, Renounce Religion


You were on level 3 of the Swamp.
You worshipped Gozag.
Gozag was pleased with you.
You were not hungry.

You visited 5 branches of the dungeon, and saw 28 of its levels.
You also visited: Labyrinth and Ice Cave.

You collected 10763 gold pieces.
You spent 3506 gold pieces at shops.
You paid 6444 gold pieces to Gozag.

Inventory:

Hand Weapons
 b - the +5 great sword of Kuudik {freeze, MR+}
   (You bought it in a shop on level 2 of the Lair of Beasts)

   It has been specially enchanted to freeze those struck by it, causing extra
   injury to most foes and up to half again as much damage against particularly
   susceptible opponents.
   It can also slow down cold-blooded creatures.
   It affects your resistance to hostile enchantments.
 u - the +10 scimitar of Baulajet {slice, Int+2}
   (You found it on level 1 of the Swamp)

   It inflicts extra damage upon your enemies.
   It affects your intelligence (+2).
 Z - a +9 great sword of flaming (weapon)
Missiles
 f - a javelin (quivered)
Armour
 k - a +2 helmet of see invisible (worn)
 n - a +0 pair of gloves (worn)
 t - a +2 cloak of cold resistance (worn)
 H - the +2 pair of boots of the Assassin (worn) {Detection Stab+ Stlth++}
   (You bought it in a shop on level 2 of the Orcish Mines)

   It makes you much more stealthy.
 L - the +1 chain mail of Courage (worn) {rF- rC+ Int-2 Slay+4}
   (You bought it in a shop on level 2 of the Orcish Mines)

   It affects your intelligence (-2).
   It affects your accuracy and damage with ranged weapons and melee attacks
   (+4).
   It makes you vulnerable to fire.
   It protects you from cold.
Jewellery
 a - an uncursed ring of protection from cold
 c - an uncursed ring of ice
 v - an uncursed ring of protection from cold
 w - a ring of protection from fire (right hand)
 K - an amulet of regeneration (around neck)
 Q - an uncursed ring of see invisible
 R - the ring "Uxkeg" {*Tele +Fly rN+}
   (You bought it in a shop on level 9 of the Dungeon)

   [ring of teleportation]

   It may teleport you next to monsters.
   It protects you from negative energy.
   It lets you fly.
 S - a ring of fire (left hand)
 V - the ring "Ycet" {rElec rC+ AC+1}
   (You found it on level 6 of the Lair of Beasts)

   [ring of protection]

   It affects your AC (+1).
   It protects you from cold.
   It insulates you from electricity.
Wands
 d - a wand of confusion (15/48)
 h - a wand of polymorph (7/24)
 i - a wand of random effects (31/48)
 o - a wand of enslavement (8/24)
 x - a wand of paralysis (9/24)
 A - a wand of acid (3/15)
 C - a wand of digging (8/24)
 F - a wand of flame (18/48)
 G - a wand of lightning (9/15)
 I - a wand of clouds (1/9)
 J - a wand of confusion (13/48)
 M - a wand of polymorph (3/24)
 P - a wand of confusion (27/48)
Scrolls
 e - 6 scrolls of teleportation
 g - 4 scrolls of enchant armour
 j - 3 scrolls of immolation
 l - 7 scrolls of remove curse
 m - 4 scrolls of fog
 q - 2 scrolls of magic mapping
 r - 5 scrolls of fear {unknown}
 s - 4 scrolls of blinking
 y - 2 scrolls of enchant weapon
 z - a scroll of identify
 D - 2 scrolls of random uselessness
 N - 2 scrolls of vulnerability
 O - a scroll of acquirement {unknown}
 T - a scroll of holy word {unknown}
Books
 p - a book of Necromancy

   Spells                             Type                      Level
   a - Pain                           Necromancy                   1
   b - Animate Skeleton               Necromancy                   1
   c - Vampiric Draining              Necromancy                   3
   d - Regeneration                   Charms/Necromancy            3
   e - Animate Dead                   Necromancy                   4
   f - Control Undead                 Necromancy                   4
Miscellaneous
 B - a lightning rod (4/4)
 U - a phial of floods


   Skills:
 + Level 8.5 Fighting
 * Level 16.4 Long Blades
 + Level 12.2 Armour
 + Level 6.4 Dodging
   Level 5.0 Shields
 + Level 6.0 Spellcasting
 * Level 7.8 Necromancy
 - Level 5.0 Evocations


You had 20 spell levels left.
You knew the following spells:

 Your Spells              Type           Power        Failure   Level  Hunger
a - Animate Dead          Necr           N/A          54%         4    N/A
b - Vampiric Draining     Necr           ####......   17%         3    N/A

Dungeon Overview and Level Annotations

Branches:
Dungeon (15/15)            Temple (1/1) D:7            Lair (6/6) D:10
  Swamp (4/4) Lair:2        Snake (0/4) Lair:4        Slime (0/5) Lair:5
    Orc (2/2) D:11            Elf (0/3) Orc:2        Vaults (0/5) D:14
 Depths (0/5) D:15

Altars:
Ashenzari
Cheibriados
Dithmenos
Elyvilon
Fedhas
Gozag
Hepliaklqana
Kikubaaqudgha
Makhleb
Nemelex Xobeh
Qazlal
Ru
Sif Muna
Trog
Uskayaw
Xom
Yredelemnul
Zin
Beogh

Shops:
D:9 *   D:12 [=:   Orc:2 :[([   Lair:2 *(=

Portals:
Trove: D:12 (give +5 demon trident)

Annotations:
Lair:4 exclusion: oklob plant, Wendigo's ghost, journeyman DrFE


Innate Abilities, Weirdness & Mutations

You do not eat or drink.
Your flesh is vulnerable to fire.
You are immune to poison.
Your flesh is cold resistant. (rC+)
You are immune to negative energy. (rN+++)
You are immune to unholy pain and torment.
You can survive without breathing.
You are in touch with the powers of death.


Message History

You now have 813 gold pieces (gained 7).
The vampire mosquito is distracted by the nearby gold.
The vampire mosquito closely misses you.
The tyrant leech bites you!
* * * LOW HITPOINT WARNING * * *
The vampire mosquito buzzes angrily.
Unknown command.
Casting: Vampiric Draining
Confirm with . or Enter, or press ? or * to list all spells.
Aiming: Vampiric Draining
Press: ? - help, Shift-Dir - straight line, f/p - tyrant leech
Aim: a tyrant leech (moderately wounded, poisoned)
You feel a surge of power!
You miscast Vampiric Draining.
You are very lightly contaminated with residual magic.
Pain shoots through your body.
The vampire mosquito closely misses you.
The vampire mosquito bites you but does no damage.
The tyrant leech bites you!!
You die...
Your body crumbles into a pile of gold.

♣♣♣ ♣♣♣♣♣♣♣♣♣♣≈♣ ♣
♣♣.♣..)≈≈...♣
♣♣♣♣♣.≈..≈.≈≈≈≈.♣
.♣.≈≈.≈≈≈≈...≈..♣♣
♣.≈≈≈.≈≈≈..≈≈≈≈w@♣
[...≈≈≈.≈≈≈≈≈≈≈Dy♣
.≈..≈≈..≈...≈≈≈≈y♣♣
..♣.♣≈≈≈≈≈≈...§.≈≈♣
(.≈..♣.≈≈.≈≈≈≈≈≈≈≈♣
...♣..≈≈≈≈.≈..≈≈≈≈♣
♣♣♣♣♣..≈≈≈♣≈≈..≈≈.♣♣
♣......♣.≈≈≈≈≈..≈≈.♣♣
≈....≈..<....♣.≈♣≈..♣
{


You could see a swamp dragon, a tyrant leech and 2 vampire mosquitoes.

Vanquished Creatures
  A thorn hunter (Swamp:2)
  2 orc warlords
  The ghost of Paps the Slicer, a journeyman MiFi of Okawaru (Swamp:1)
  The ghost of nikopol the Cleaver, a journeyman MiBe of Trog (Lair:4)
  A minotaur (Lab)
  3 vault guards (D:14)
  5 hydras
  2 centaur warriors (D:14)
  11 alligators
  A ghost crab (Swamp:1)
  A queen ant (Lair:3)
  6 two-headed ogres
  2 orc high priests (Orc:1)
  3 death yaks (Lair:3)
  3 swamp dragons (Swamp:1)
  An unseen horror (D:11)
  2 shambling mangroves
  3 orc knights
  A spriggan druid (Swamp:1)
  4 necromancers
  A wolf spider zombie (D:14)
  3 orc sorcerers (Orc:1)
  An ugly thing (D:12)
  2 cyclopes
  A deep elf mage (D:14)
  A manticore (D:14)
  3 black mambas
  An ice statue (IceCv)
  Joseph (Lair:1)
  A centaur zombie (D:14)
  5 centaur skeletons
  28 spiny frogs
  2 rime drakes
  10 komodo dragons
  10 freezing wraiths (IceCv)
  6 tyrant leeches
  5 trolls
  4 polar bears (Lair:3)
  Prince Ribbit (D:7)
  26 blink frogs
  12 hornets
  6 dream sheep (Lair:4)
  8 slime creatures
  7 bog bodies
  13 hippogriffs
  6 centaur simulacra
  5 spriggans
  17 humans
  2 shadows
  2 wraiths
  2 wyverns
  8 basilisks
  3 hogs (D:7)
  3 hungry ghosts
  65 yaks
  21 vampire mosquitoes
  A steam dragon (D:12)
  2 wargs
  6 insubstantial wisps (Swamp:2)
  A soldier ant (shapeshifter) (D:14)
  11 soldier ants
  3 nagas (Lair:4)
  A floating eye (D:9)
  16 water moccasins
  15 swamp worms
  50 orc warriors
  10 black bears
  4 sky beasts
  8 porcupines
  8 ogres
  A swamp drake (Swamp:1)
  12 ice beasts
  3 phantoms
  8 necrophages
  4 boggarts (Lair:6)
  15 wolves
  12 centaurs
  12 crocodiles
  3 big kobolds
  25 bullfrogs
  A wyvern zombie (D:12)
  A water moccasin zombie (D:7)
  2 scorpions (D:10)
  A troll zombie (D:11)
  An elephant simulacrum (IceCv)
  A swamp dragon simulacrum (IceCv)
  17 killer bees
  10 wights
  3 howler monkeys
  3 draconian simulacra (IceCv)
  2 bullfrog zombies
  A quasit (D:12)
  8 crimson imps
  11 jellies
  21 orc priests
  Crazy Yiuf (D:7)
  6 hounds
  33 orc wizards
  4 bullfrog skeletons
  24 worker ants
  10 iguanas
  3 spriggan simulacra (IceCv)
  2 wolf simulacra (IceCv)
  5 troll simulacra (IceCv)
  7 ogre zombies (D:11)
  A hound zombie (D:6)
  A howler monkey skeleton (D:10)
  17 adders
  2 ogre simulacra (IceCv)
  2 naga simulacra (IceCv)
  A shadow imp (D:7)
  12 white imps (IceCv)
  An ooze (D:4)
  An adder zombie (D:8)
  3 worms
  An adder skeleton (D:4)
  2 dart slugs
  5 leopard geckos
  107 orcs
  A ball python (D:4)
  7 giant cockroaches
  6 goblins
  4 hobgoblins
  3 jackals (D:7)
  16 kobolds
  5 quokkas
  6 bats
  5 frilled lizards
  2 goblin skeletons (D:11)
  8 goblin zombies
  A hobgoblin zombie (D:11)
  A leopard gecko zombie (D:7)
  2 orc skeletons (D:11)
  12 orc zombies (D:11)
  7 rats
  A plant (Lair:6)
998 creatures vanquished.

Vanquished Creatures (others)
  An orc (Orc:2)
  12 fungi
  41 plants
54 creatures vanquished.

Grand Total: 1052 creatures vanquished

Notes
Turn   | Place    | Note
-------+----------+-------------------------------------------
     0 | D:1      | 4thArraOfDagon the Mummy Fighter began the quest for the Orb.
     0 | D:1      | Reached XP level 1. HP: 18/18 MP: 1/1
   179 | D:2      | Reached XP level 2. HP: 21/24 MP: 2/2
   211 | D:3      | Reached skill level 2 in Long Blades
   270 | D:3      | Noticed a sky beast
   418 | D:3      | Found a blossoming altar of Fedhas.
   442 | D:3      | Reached XP level 3. HP: 27/29 MP: 3/3
   510 | D:2      | Found a glowing silver altar of Zin.
   528 | D:2      | 4thArraOfDagon: hi
   590 | D:4      | Reached XP level 4. HP: 27/35 MP: 4/4
   642 | D:4      | Reached skill level 3 in Long Blades
   662 | D:5      | Entered Level 5 of the Dungeon
   722 | D:5      | Got a twisted war axe
   723 | D:5      | Identified the +1 war axe of Poverty {drain, +Rage MR- Str+3} (You found it on level 5 of the Dungeon)
   778 | D:5      | Reached XP level 5. HP: 32/41 MP: 5/5
   937 | D:5      | Reached skill level 4 in Long Blades
   937 | D:5      | Reached XP level 6. HP: 31/47 MP: 6/6
  1289 | D:4      | Found a stormy altar of Qazlal.
  1297 | D:4      | Vidiiot: Hey :p
  1311 | D:4      | 4thArraOfDagon: :)
  1311 | D:4      | 4thArraOfDagon: i actually need advise
  1311 | D:4      | 4thArraOfDagon: how do you win mummy these days
  1411 | D:4      | Reached XP level 7. HP: 37/52 MP: 7/7
  1446 | D:4      | Vidiiot: Hahaha
  1451 | D:4      | Vidiiot: No idea
  1466 | D:4      | Vidiiot: I dont like most of the new chnges :p
  1664 | D:7      | Noticed a hippogriff
  1671 | D:7      | Killed a hippogriff
  1671 | D:7      | Reached skill level 5 in Long Blades
  1682 | D:7      | Found a staircase to the Ecumenical Temple.
  1689 | Temple   | Entered the Ecumenical Temple
  1690 | Temple   | 4thArraOfDagon: i like that they are axing obvious OP things
  1690 | Temple   | 4thArraOfDagon: but on the other handd they dont add any options for exchange
  1718 | Temple   | Became a worshipper of Gozag Ym Sagoz the Greedy
  1761 | D:7      | Noticed a hippogriff
  1772 | D:7      | Killed a hippogriff
  1840 | D:7      | Noticed Prince Ribbit
  1865 | D:6      | Reached XP level 8. HP: 39/58 MP: 8/8
  2591 | D:3      | Reached skill level 6 in Long Blades
  4653 | D:5      | Found a basalt altar of Yredelemnul.
  5127 | D:8      | Reached skill level 5 in Armour
  5127 | D:8      | Reached skill level 5 in Shields
  5448 | D:7      | Found a basalt altar of Yredelemnul.
  5497 | D:7      | Reached skill level 7 in Long Blades
  5529 | D:7      | Reached XP level 9. HP: 21/63 MP: 9/9
  5749 | D:7      | Found a shadowy altar of Dithmenos.
  5826 | D:7      | Reached skill level 8 in Long Blades
  6206 | D:8      | Reached skill level 9 in Long Blades
  6475 | D:8      | Noticed a two-headed ogre
  6505 | D:7      | Found a runed door.
  6526 | D:7      | Found a hide-covered altar of Uskayaw.
  6600 | D:7      | Killed Prince Ribbit
  6884 | D:7      | Noticed Crazy Yiuf
  6889 | D:7      | Killed Crazy Yiuf
  7093 | D:8      | Reached XP level 10. HP: 70/70 MP: 10/10
  7219 | D:9      | Noticed a two-headed ogre
  7385 | D:10     | Entered Level 10 of the Dungeon
  7533 | D:10     | Found a staircase to the Lair.
  7567 | D:10     | Reached skill level 10 in Long Blades
  8396 | D:11     | Noticed a two-headed ogre
  8412 | D:11     | Killed a two-headed ogre
  8412 | D:11     | Reached skill level 11 in Long Blades
  8462 | D:11     | Reached XP level 11. HP: 23/75 MP: 11/11
  8888 | D:11     | Found a staircase to the Orcish Mines.
  9317 | D:11     | Noticed a two-headed ogre
  9333 | D:11     | Killed a two-headed ogre
  9494 | D:11     | Reached skill level 12 in Long Blades
  9612 | D:12     | Noticed a white ugly thing
  9735 | D:12     | Found Estis's Book Emporium.
  9758 | D:12     | Found a portal to a secret trove of treasure.
 10102 | D:13     | Noticed a seven-headed hydra
 10170 | D:12     | Killed a white ugly thing
 10488 | D:12     | Reached XP level 12. HP: 76/81 MP: 12/12
 10739 | D:11     | Reached skill level 13 in Long Blades
 11026 | D:9      | a two-headed ogre changed into a floating eye
 11049 | D:9      | Noticed a two-headed ogre
 11059 | D:9      | Killed a two-headed ogre
 11059 | D:9      | Reached skill level 10 in Armour
 11434 | D:9      | Bought a scroll labeled QYMIRE FAIP for 29 gold pieces
 11434 | D:9      | Bought a slimy copper ring for 145 gold pieces
 11434 | D:9      | Identified the ring "Uxkeg" {*Tele +Fly rN+} (You bought it in a shop on level 9 of the Dungeon)
 12014 | D:14     | Noticed a six-headed hydra
 12051 | D:13     | Turgon: Hi - why didn't you pick up and quaff this pot of experience?
 12102 | D:13     | Noticed a two-headed ogre
 12107 | D:13     | Ultraviolent4: trolling? :P
 12185 | D:13     | Turgon: no, fooling him
 12333 | D:13     | Ultraviolent4: senpai no longer notices us
 12353 | D:13     | Killed a two-headed ogre
 12560 | D:14     | Noticed a two-headed ogre
 12577 | D:14     | Reached skill level 14 in Long Blades
 12597 | D:14     | Killed a two-headed ogre
 12826 | D:15     | Entered Level 15 of the Dungeon
 12886 | D:15     | Noticed a two-headed ogre
 12896 | D:15     | Killed a two-headed ogre
 12896 | D:15     | Gained mutation: You are in touch with the powers of death. [Mummy growth]
 12896 | D:15     | Reached XP level 13. HP: 81/86 MP: 13/13
 12906 | D:15     | Learned a level 4 spell: Animate Dead
 12946 | D:15     | Found a labyrinth entrance.
 12950 | Lab      | Entered a labyrinth
 12983 | Lab      | Reached skill level 1 in Evocations
 13006 | Lab      | Reached skill level 1 in Dodging
 13132 | Lab      | Noticed a minotaur
 13141 | Lab      | Killed a minotaur
 13865 | D:14     | Found a gate to the Vaults.
 14093 | Orc:1    | Entered Level 1 of the Orcish Mines
 14238 | Orc:1    | Found a bloodstained altar of Trog.
 14274 | Orc:2    | Entered Level 2 of the Orcish Mines
 14312 | Orc:2    | Found a staircase to the Elven Halls.
 14355 | Orc:2    | Found a roughly hewn altar of Beogh.
 14369 | Orc:2    | Reached skill level 5 in Fighting
 14751 | Orc:2    | Found a roughly hewn altar of Beogh.
 14795 | Orc:2    | Found a roughly hewn altar of Beogh.
 14796 | Orc:2    | Found Mafoid's Book Shop.
 15084 | Orc:2    | Found a roughly hewn altar of Beogh.
 15084 | Orc:2    | Found Cekyur's Armour Boutique.
 15396 | Orc:1    | Noticed an orc warlord
 15508 | Orc:2    | Noticed an orc warlord
 15747 | Orc:2    | Reached skill level 15 in Long Blades
 15859 | Orc:2    | HP: 3/92 [orc warlord/great mace of protection (26)]
 15862 | Orc:2    | Killed an orc warlord
 16040 | Orc:2    | Found Sinuhe's Antique Armour Emporium.
 16041 | Orc:2    | Found a roughly hewn altar of Beogh.
 16044 | Orc:2    | Found Qolew's Antique Weapon Shoppe.
 16055 | Orc:2    | Bought the +2 pair of boots of the Assassin {Detection Stab+ Stlth++} for 1920 gold pieces
 16065 | Orc:2    | Bought a slimy chain mail for 304 gold pieces
 16071 | Orc:2    | Bought a glowing great sword for 266 gold pieces
 16071 | Orc:2    | Bought a glowing great sword for 266 gold pieces
 16110 | Orc:2    | Identified the +1 chain mail of Courage {rF- rC+ Int-2 Slay+4} (You bought it in a shop on level 2 of the Orcish Mines)
 16421 | Orc:1    | Reached XP level 14. HP: 29/98 MP: 16/16
 16930 | Orc:1    | Found a roughly hewn altar of Beogh.
 17008 | Orc:1    | Killed an orc warlord
 17202 | Lair:1   | Entered Level 1 of the Lair of Beasts
 17480 | Lair:1   | Noticed Joseph
 17495 | Lair:1   | Killed Joseph
 18521 | Lair:3   | Learned a level 3 spell: Vampiric Draining
 18608 | Lair:4   | Noticed Wendigo's ghost (journeyman DrFE)
 18624 | Lair:3   | Reached skill level 1 in Necromancy
 18894 | Lair:5   | Reached skill level 1 in Spellcasting
 18896 | Lair:5   | Reached skill level 5 in Dodging
 18925 | Lair:5   | Found a frozen archway.
 18953 | IceCv    | Entered an ice cave
 19110 | IceCv    | Found an ancient bone altar of Kikubaaqudgha.
 19796 | Lair:6   | Entered Level 6 of the Lair of Beasts
 19846 | Lair:6   | Reached XP level 15. HP: 86/108 MP: 18/18
 19916 | Lair:6   | Reached skill level 5 in Evocations
 20359 | Lair:6   | Got a coiled lapis lazuli ring
 20364 | Lair:6   | Identified the ring "Ycet" {rElec rC+ AC+1} (You found it on level 6 of the Lair of Beasts)
 20494 | Lair:6   | Reached skill level 5 in Necromancy
 20715 | Lair:4   | Noticed nikopol's ghost (journeyman MiBe)
 20723 | Lair:4   | Killed nikopol's ghost
 20723 | Lair:4   | Reached skill level 16 in Long Blades
 20785 | Lair:4   | Found a staircase to the Snake Pit.
 21245 | Lair:2   | Found a staircase to the Swamp.
 21262 | Swamp:1  | Entered Level 1 of the Swamp
 21479 | Swamp:1  | Noticed Paps's ghost (journeyman MiFi)
 21599 | Lair:2   | Bought a scroll labeled ECWUSH JEQOEKY for 21 gold pieces
 21599 | Lair:2   | Bought a scroll labeled JODADA DUXTIRO for 21 gold pieces
 21599 | Lair:2   | Bought a warped great sword for 241 gold pieces
 21599 | Lair:2   | Bought a scroll of magic mapping for 73 gold pieces
 21599 | Lair:2   | Bought a runed helmet for 157 gold pieces
 21599 | Lair:2   | Bought a scroll of teleportation for 63 gold pieces
 21608 | Lair:2   | Identified the +5 great sword of Kuudik {freeze, MR+} (You bought it in a shop on level 2 of the Lair of Beasts)
 21652 | Swamp:1  | Killed Paps's ghost
 21747 | Swamp:1  | Got a scorched scimitar
 21749 | Swamp:1  | Identified the +10 scimitar of Baulajet {slice, Int+2} (You found it on level 1 of the Swamp)
 22246 | Swamp:1  | Reached skill level 5 in Spellcasting
 22331 | Swamp:2  | Noticed a thorn hunter
 22351 | Swamp:2  | Killed a thorn hunter
 22547 | Swamp:1  | Upgraded the game from 0.20-a0-939-g04f5055 to 0.20-a0-941-gba1b1f9
 22787 | Swamp:2  | Reached XP level 16. HP: 111/118 MP: 24/24
 23274 | Swamp:4  | Entered Level 4 of the Swamp
 23429 | Swamp:3  | Slain by a tyrant leech

Vault maps used:
D:1:      saegor_arrival_miasma, minivault_27
D:2:      lemuel_upstairs_altar, first_bread, serial_forest,
          infiniplex_forest_clump_curved, infiniplex_forest_zigzag_2,
          infiniplex_forest_lined_3, infiniplex_forest_diagonal
D:3:      fedhas_altar_3
D:4:      grunt_qazlal_clouds
D:5:      basic_altar
D:6:      water_maze_lemuel
D:7:      kennysheep_little_box, kennysheep_mini_moat, temple_statues,
          grunt_livestock, yredelemnul_altar_generic, uniq_prince_ribbit1,
          uniq_crazy_yiuf_cottage
D:8:      serial_column_ruins, column_ruins_hut_ruined,
          column_ruins_corridor_corner, column_ruins_open_small,
          column_ruins_grid_2, column_ruins_columns_corner,
          hangedman_decor_lopped, corexii_corridor_pit
D:10:     minmay_goldmine, minmay_lair_entry_grove
D:11:     zombieorc2_lemuel, minivault_25
D:12:     serial_shops, shop, nicolae_trove_entry_crossroad
D:14:     grunt_vaults_entry_tiered, minivault_8
D:15:     grunt_enter_depths_magical_seal, grunt_decor_fettered,
          lab_entry_generic
Temple:   regret_index_temple_chain_breaker
Lair:1:   beast_lair_carwin_large_2, st_stairs_13,
          hangedman_lair_unloving_vines, columned_hall_lemuel, uniq_joseph
Lair:2:   minmay_swamp_entry_worms
Lair:3:   beast_lair_carwin_large_1, minmay_another_anthill,
          infiniplex_staircase_pool_2
Lair:4:   guppyfry_snake_entry_island, grunt_forest_stairs_basic,
          serial_bayou_shore_a, minmay_lair_oklob_chamber
Lair:5:   dpeg_slime_entry_enclosed_altar, portal_ice_cave_entry_pillars_2,
          roderic_carrion_pond
Lair:6:   minmay_lair_end_frog_pond, kilobyte_rumbling_trees
Swamp:1:  nicolae_swamp_round_clearing
Swamp:2:  hangedman_swamp_cone, swamp_pool3, cheibrodos_swamp_slimy,
          uniq_frances
Swamp:3:  serial_swamp_ruin, hangedman_swamp_ruin_wall,
          evilmike_swamp_ruin_house_4, evilmike_swamp_ruin_house_3,
          nicolae_swamp_treefoil
Swamp:4:  swamp_old_school
Orc:1:    orc_temple, basic_altar
Orc:2:    grunt_orc_community_town_hall, grunt_orc_community_big_house_1,
          grunt_orc_community_big_house_1, grunt_orc_community_house_1,
          grunt_orc_community_house_1, grunt_orc_community_house_2,
          grunt_orc_community_house_1, grunt_orc_community_house_3,
          grunt_orc_community_house_1
Lab:      labyrinth_spiral, nicolae_lab_x, nicolae_lab_grate_2,
          nicolae_lab_very_dead_end
IceCv:    ice_cave_small_necro

Skill      XL: |  1  2  3  4  5  6  7  8  9 10 11 12 13 14 15 16 |
---------------+-------------------------------------------------+-----
Long Blades    | 2 3 4 5 7 9 11 12 14 15 16 | 16.4
Armour         | 3 4 5 6 8 9 10 11 12 | 12.2
Shields        | 3 4 5 |  5.0
Evocations     | 3 4 5 |  5.0
Dodging        | 3 5 6 |  6.4
Fighting       | 5 7 8 |  8.5
Necromancy     | 3 7 |  7.8
Spellcasting   | 2 5 6 |  6.0

Action                   |  1- 3 |  4- 6 |  7- 9 | 10-12 | 13-15 | 16-18 || total
-------------------------+-------+-------+-------+-------+-------+-------++-------
Melee: Long sword        |   109 |   116 |   378 |  1204 |   764 |       ||  2571
       Great sword       |       |       |       |       |  1068 |   113 ||  1181
       Scimitar          |       |       |       |       |    11 |       ||    11
Throw: Javelin           |     1 |     1 |     4 |     1 |       |       ||     7
 Cast: Vampiric Draining |       |       |       |       |       |     2 ||     2
Invok: Potion Petition   |       |       |     1 |       |       |       ||     1
       Call Merchant     |       |       |       |     3 |     3 |       ||     6
Evoke: Wand              |       |       |       |    25 |    17 |       ||    42
       Lightning rod     |       |       |       |       |     4 |       ||     4
       Sack of spiders   |       |       |       |       |     3 |       ||     3
       Phial of floods   |       |       |       |       |     2 |       ||     2
  Use: Scroll            |     1 |     4 |     3 |    10 |    27 |       ||    45
 Stab: Distracted        |       |       |       |     5 |    14 |     2 ||    21
       Confused          |       |       |       |     1 |     6 |       ||     7
Armor: Scale mail        |     5 |       |       |       |       |       ||     5
       Chain mail        |    58 |    58 |    74 |       |   643 |    96 ||   929
       Plate armour      |       |       |    82 |   616 |   279 |       ||   977
Dodge: Dodged            |    32 |    21 |    60 |   134 |   594 |    69 ||   910
Block: Shield            |    52 |    62 |   175 |   487 |   234 |       ||  1010
       Rpst.: Long sword |     9 |     3 |    18 |    33 |    35 |       ||    98
       Great sword       |       |       |       |       |   135 |    16 ||   151
       Scimitar          |       |       |       |       |     2 |       ||     2
